 Dungeon Crawl Stone Soup version 0.22-a0-525-gf69a080 (webtiles) character file.

37571 DrEnzyme the Quickloader (level 13, -5/101 HPs)
             Began as a Demonspawn Wanderer on June 19, 2018.
             Was a High Priest of Kikubaaqudgha.
             Slain by a catoblepas (14 damage)
             ... on level 6 of the Lair of Beasts on June 20, 2018.
             The game lasted 01:20:02 (16171 turns).

DrEnzyme the Quickloader (Demonspawn Wanderer)     Turns: 16171, Time: 01:20:03

Health: -5/101     AC: 11    Str: 10    XL:     13   Next: 59%
Magic:  29/29      EV:  2    Int: 12    God:    Kikubaaqudgha [*****.]
Gold:   1171       SH:  0    Dex: 17    Spells: 9/12 levels left

rFire    . . .     SeeInvis .   a - +0 rapier (flame)
rCold    + + .     Gourm    .   R - +3 buckler {rC+}
rNeg     + + +     Faith    .   J - +2 scale mail {rC+}
rPois    ∞         Spirit   .   (helmet restricted)
rElec    +         Reflect  .   I - +1 cloak
rCorr    .         Harm     .   (no gloves)
MR       ++...                  n - +0 pair of boots
Stlth    ..........             N - amulet of the Air {Inacc +Fly rElec EV+5 RMsl}
HPRegen  0.26/turn              m - +6 ring of evasion
MPRegen  0.21/turn              Y - ring of Aniaf {MR++ MP+9 Str-5 Slay+6 Stlth-}

@: petrified, repel missiles
A: horns 2, powered by pain 1, spiny 1
a: Receive Corpses, Torment, Renounce Religion, Evoke Flight


You were on level 6 of the Lair of Beasts.
You worshipped Kikubaaqudgha.
Kikubaaqudgha was extremely pleased with you.
You were not hungry.

You visited 3 branches of the dungeon, and saw 18 of its levels.
You also visited: Ice Cave.

You collected 1171 gold pieces.

Inventory:

Hand Weapons
 a - a +0 rapier of flaming (weapon)
 b - a +3 hand crossbow
 s - a +0 battleaxe of freezing
 B - a +5 broad axe
 V - a +4 arbalest of freezing
Missiles
 h - 127 sling bullets
 k - 4 throwing nets (quivered)
 t - 39 poisoned needles
 x - 2 curare-tipped needles
 Z - 11 bolts
Armour
 n - a +0 pair of boots (worn)
 w - the +0 robe of Zatial {MP+9 Dex+3}
   (You took it off an orc wizard on level 6 of the Dungeon)

   It affects your dexterity (+3).
   It affects your magic capacity (+9).
 G - a +1 chain mail of poison resistance
 I - a +1 cloak (worn)
 J - a +2 scale mail of cold resistance (worn)
 K - a scarf of cloud immunity
 R - a +3 buckler of cold resistance (worn)
Jewellery
 m - a +6 ring of evasion (left hand)
 u - an uncursed ring of protection from cold
 C - a +5 ring of strength
 H - an uncursed ring of see invisible
 N - the amulet of the Air (around neck) {Inacc +Fly rElec EV+5 RMsl}
   (You found it on level 11 of the Dungeon)

   [amulet of inaccuracy]

   It reduces the accuracy of all your attacks.
   It affects your evasion (+5).
   It insulates you from electricity.
   It lets you fly.
   It protects you from missiles.
 Y - the ring of Aniaf (right hand) {MR++ MP+9 Str-5 Slay+6 Stlth-}
   (You found it in an ice cave)

   [ring of magical power]

   It affects your strength (-5).
   It affects your accuracy and damage with ranged weapons and melee attacks
   (+6).
   It affects your resistance to hostile enchantments.
   It affects your magic capacity (+9).
   It makes you less stealthy.
Wands
 f - a wand of flame (20)
 F - a wand of paralysis (9)
 P - a wand of polymorph (7)
 Q - a wand of enslavement (45)
 S - a wand of disintegration (15)
 W - a wand of scattershot (13)
 X - a wand of iceblast (11)
Scrolls
 c - 4 scrolls of blinking
 e - 4 scrolls of teleportation
 i - a scroll of identify
 o - 2 scrolls of fear
 v - a scroll of amnesia
 y - a scroll of summoning
 L - 5 scrolls of remove curse
 O - a scroll of magic mapping
Potions
 j - a potion of invisibility
 l - a potion of cancellation {unknown}
 p - 2 potions of flight {unknown}
 r - 7 potions of curing
 z - 3 potions of agility
 A - 2 potions of haste
 D - a potion of magic
 E - 4 potions of brilliance
 M - 2 potions of ambrosia
 T - 3 potions of lignification {unknown}
 U - a potion of berserk rage {unknown}
Comestibles
 g - 27 rations


   Skills:
 + Level 9.6 Fighting
 - Level 5.5 Short Blades
   Level 1.0 Bows
 * Level 13.4 Crossbows
 - Level 1.0 Armour
 + Level 10.0 Dodging
 - Level 1.0 Stealth
 - Level 4.0 Shields
 - Level 2.0 Necromancy
 + Level 9.5 Evocations


You had 9 spell levels left.
You knew the following spells:

 Your Spells              Type           Power        Failure   Level  Hunger
a - Regeneration          Chrm/Necr      #.........   99%         3    ####...

Your spell library contained the following spells:

 Spells                   Type           Power        Failure   Level  Hunger
 Magic Dart               Conj           #...         93%         1    ##.....
 Conjure Flame            Conj/Fire      #.......     100%        3    ####...
 Freezing Cloud           Conj/Ice/Air   #.........   100%        6    #######
 Mephitic Cloud           Conj/Pois/Air  #.......     100%        3    ####...
 Ring of Flames           Chrm/Fire      #.........   100%        7    #######
 Venom Bolt               Conj/Pois      #.........   100%        5    ######.
 Olgreb's Toxic Radiance  Pois           #.......     100%        4    #####..
 Bolt of Draining         Conj/Necr      #.........   100%        5    ######.
 Iskenderun's Mystic Bla  Conj           #.......     100%        4    #####..
 Animate Dead             Necr           N/A          100%        4    #####..
 Pain                     Necr           #...         69%         1    ##.....
 Animate Skeleton         Necr           N/A          69%         1    ##.....
 Vampiric Draining        Necr           #.........   96%         3    ####...
 Dispel Undead            Necr           #.......     100%        5    ######.
 Sting                    Conj/Pois      #...         93%         1    ##.....
 Sublimation of Blood     Necr           #.........   83%         2    ###....
 Agony                    Necr           #.......     100%        5    ######.
 Excruciating Wounds      Chrm/Necr      #.........   100%        5    ######.
 Fulminant Prism          Conj/Hex       #.........   100%        4    #####..
 Dazzling Spray           Conj/Hex       #.....       100%        3    ####...
 Force Lance              Conj/Tloc      #.......     100%        4    #####..
 Searing Ray              Conj           #.....       98%         2    ###....
 Poisonous Vapours        Pois/Air       #.....       98%         2    ###....


Dungeon Overview and Level Annotations

Branches:
Dungeon (11/15)            Temple (1/1) D:4            Lair (6/6) D:9
  Swamp (0/4) Lair:3        Snake (0/4) Lair:3
  Slime: Lair:5-6       Orc: D:9-12

Altars:
Ashenzari
Cheibriados
Dithmenos
Elyvilon
Fedhas
Gozag
Hepliaklqana
Kikubaaqudgha
Makhleb
Nemelex Xobeh
Okawaru
Qazlal
Ru
Sif Muna
Trog
Uskayaw
Vehumet
Wu Jian
Xom
Yredelemnul
Zin
The Shining One

Annotations:
D:1 exclusion: downstairs
D:2 Natasha, Sigmund
D:4 exclusion: 2 downstairs
D:5 exclusion: killer bee
D:6 exclusion: downstairs
D:7 exclusion: downstairs
D:8 3 runed doors, exclusion: 3 doors, dforspid's ghost, novice DsWn
D:9 exclusion: 2 downstairs
D:10 Psyche; Snorg; Sonja
Lair:2 exclusion: downstairs
Lair:4 exclusion: 2 oklob plants
Lair:5 exclusion: downstairs


Innate Abilities, Weirdness & Mutations

You have a pair of horns on your head.
You sometimes gain a little power by taking damage.
You are partially covered in sharp spines.


Message History

You are engulfed in calcifying dust.
You are slowing down.
The catoblepas breathes a plume of calcifying dust at you.
The blast of calcifying dust hits you! The catoblepas gores you!
Your limbs are stiffening.
You barely miss the catoblepas.
The catoblepas is moderately wounded.
The catoblepas is struck by your spines.
The catoblepas gores you! x2; You have turned to stone.
The catoblepas gores you!!
* * * LOW HITPOINT WARNING * * *
The catoblepas gores you!!
* * * LOW HITPOINT WARNING * * *
The catoblepas gores you.
* * * LOW HITPOINT WARNING * * *
The catoblepas gores you!
* * * LOW HITPOINT WARNING * * *
The catoblepas gores you!!
You die...
Kikubaaqudgha rasps: "You have failed me!
Welcome... oblivion!"

............#...........
...........###.....PP...
............#P..........
.......................
#.........÷....#.P....
###.........##..÷.......
#...#(......##..##......
.#.(Y(...###...###....
#...##@....##P.#.####.#
..... #......PPP.###.8..
#... #.......PP.# .....
. ##.......#.. ..8..
#......#. ##... #......#
#.... ..PP##.. #####
#..## ...###.(..
..........


You could see a catoblepas.

Vanquished Creatures
  Nessos (Lair:4)
  A white draconian (IceCv)
  4 hydras
  A two-headed ogre (D:9)
  2 death yaks (IceCv)
  4 elephants
  4 black mambas
  An ice statue (IceCv)
  A centaur skeleton (D:10)
  6 spiny frogs
  2 rime drakes
  A komodo dragon (Lair:2)
  A troll (D:9)
  Prince Ribbit (D:9)
  2 hornets (D:10)
  16 polar bears (IceCv)
  3 blink frogs
  7 dream sheep (Lair:6)
  8 hippogriffs
  2 wyverns
  A tarantella (Lair:5)
  4 spriggans (Lair:2)
  A basilisk (Lair:4)
  Eustachio (D:6)
  41 yaks
  A hungry ghost (D:9)
  16 water moccasins
  6 porcupines
  2 ice beasts
  4 orc warriors
  8 necrophages
  2 ogres
  A sky beast (D:6)
  26 wolves
  2 phantoms (D:9)
  2 centaurs
  5 crocodiles
  A big kobold (D:8)
  A wyvern zombie (D:10)
  16 bullfrogs
  A gnoll sergeant (D:7)
  A water moccasin zombie (D:5)
  2 scorpions (D:9)
  3 killer bees (D:8)
  8 wights
  4 howler monkeys
  An electric eel (Lair:4)
  7 crimson imps
  3 hounds
  A bullfrog skeleton (D:6)
  6 orc priests
  2 bullfrog zombies
  A jelly (D:5)
  16 orc wizards
  5 iguanas
  3 worker ants (D:6)
  A statue (D:9)
  A hound skeleton (D:6)
  7 gnolls (D:7)
  6 adders
  A shadow imp (D:8)
  12 white imps (Lair:4)
  A worm (D:5)
  2 leopard geckos
  47 orcs
  6 giant cockroaches
  6 goblins
  4 hobgoblins
  2 quokkas
  A ball python (Lair:3)
  7 bats
  6 frilled lizards
  4 kobolds
  A leopard gecko zombie (D:5)
  12 rats
400 creatures vanquished.

Vanquished Creatures (collateral kills)
  A spiny frog (Lair:4)
1 creature vanquished.

Vanquished Creatures (others)
  Harold (Lair:4)
  A polar bear (IceCv)
  3 yaks (IceCv)
  A wolf (IceCv)
  13 fungi
  6 plants
25 creatures vanquished.

Grand Total: 426 creatures vanquished

Notes
Turn   | Place    | Note
-------+----------+-------------------------------------------
     0 | D:1      | DrEnzyme the Demonspawn Wanderer began the quest for the Orb.
     0 | D:1      | DrEnzyme set off with: a +2 dagger, a scroll of blinking, a +0 hand crossbow, 23 bolts, a scroll of teleportation, a +0 robe, a ration
     0 | D:1      | Reached XP level 1. HP: 19/19 MP: 1/1
   150 | D:1      | Reached skill level 2 in Crossbows
   150 | D:1      | Gained mutation: You have a pair of small horns on your head. [demonic ancestry]
   150 | D:1      | Reached XP level 2. HP: 25/25 MP: 2/2
   642 | D:1      | Reached skill level 1 in Short Blades
   840 | D:2      | Noticed Sigmund
   880 | D:2      | Noticed Natasha
   900 | D:3      | Reached skill level 1 in Dodging
   949 | D:3      | Found a stormy altar of Qazlal.
   956 | D:3      | Reached XP level 3. HP: 30/30 MP: 3/3
  1824 | D:4      | Found a staircase to the Ecumenical Temple.
  1840 | Temple   | Entered the Ecumenical Temple
  2047 | Temple   | Became a worshipper of Kikubaaqudgha
  2238 | D:4      | Reached XP level 4. HP: 38/38 MP: 4/4
  2415 | D:4      | Reached skill level 3 in Crossbows
  2424 | D:4      | Found a shattered altar of Ashenzari.
  2873 | D:5      | Entered Level 5 of the Dungeon
  2921 | D:5      | Reached XP level 5. HP: 43/43 MP: 5/5
  3019 | D:5      | Gained mutation: You are partially covered in sharp spines. [demonic ancestry]
  3019 | D:5      | Reached XP level 6. HP: 45/50 MP: 6/6
  3057 | D:5      | Reached skill level 5 in Fighting
  3101 | D:5      | Reached skill level 4 in Crossbows
  3207 | D:5      | Found a shadowy altar of Dithmenos.
  3306 | D:5      | Reached * piety under Kikubaaqudgha
  3306 | D:5      | Identified Kikubaaqudgha's Volume of Evil (Kikubaaqudgha gifted it to you on level 5 of the Dungeon)
  3306 | D:5      | Received a gift from Kikubaaqudgha
  3306 | D:5      | Reached XP level 7. HP: 56/56 MP: 7/7
  3727 | D:5      | Reached skill level 5 in Crossbows
  3866 | D:6      | Reached XP level 8. HP: 64/64 MP: 8/8
  4125 | D:6      | Reached skill level 6 in Crossbows
  4189 | D:6      | Got an ichor-stained robe
  4190 | D:6      | Identified the cursed +0 robe of Zatial {MP+9 Dex+3} (You took it off an orc wizard on level 6 of the Dungeon)
  4310 | D:6      | Noticed Eustachio
  4319 | D:6      | Reached ** piety under Kikubaaqudgha
  4324 | D:6      | Killed Eustachio
  4467 | D:6      | Found a hide-covered altar of Uskayaw.
  4467 | D:6      | Found an opulent altar of Gozag.
  5043 | D:7      | Reached skill level 7 in Crossbows
  5043 | D:7      | Reached skill level 1 in Necromancy
  5043 | D:7      | Reached XP level 9. HP: 60/71 MP: 9/9
  5052 | D:7      | Found a basalt altar of Yredelemnul.
  5414 | D:7      | Paralysed by an orc for 6 turns
  5666 | D:7      | Learned a level 3 spell: Regeneration
  5847 | D:8      | Found a hazy altar of Hepliaklqana.
  5872 | D:8      | Reached skill level 5 in Dodging
  5894 | D:8      | Reached skill level 1 in Evocations
  5921 | D:8      | Reached *** piety under Kikubaaqudgha
  5921 | D:8      | Identified Kikubaaqudgha's Reference Book on Darkness (Kikubaaqudgha gifted it to you on level 8 of the Dungeon)
  5921 | D:8      | Received a gift from Kikubaaqudgha
  6244 | D:8      | Noticed a troll
  6367 | D:8      | Found a runed gate.
  6368 | D:8      | Noticed a nine-headed hydra
  6368 | D:8      | Noticed dforspid's ghost (novice DsWn)
  6369 | D:8      | Found a runed gate.
  6369 | D:8      | Found a runed gate.
  6369 | D:8      | Noticed an 11-headed hydra
  6474 | D:8      | Reached skill level 8 in Crossbows
  6522 | D:8      | Found a shimmering altar of Xom.
  6718 | D:9      | Found a glowing golden altar of the Shining One.
  6830 | D:9      | Noticed a two-headed ogre
  6870 | D:9      | Killed a two-headed ogre
  6870 | D:9      | Gained mutation: You sometimes gain a little power by taking damage. [demonic ancestry]
  6870 | D:9      | Reached XP level 10. HP: 80/80 MP: 10/12
  7136 | D:9      | Found a radiant altar of Vehumet.
  7183 | D:9      | Noticed Prince Ribbit
  7190 | D:9      | Killed Prince Ribbit
  7190 | D:9      | Reached skill level 9 in Crossbows
  7371 | D:9      | Found a staircase to the Lair.
  7852 | D:10     | Entered Level 10 of the Dungeon
  7883 | D:10     | Noticed Psyche
  8068 | D:10     | Noticed Sonja
  8071 | D:10     | Noticed Snorg
  8135 | D:10     | Found a stormy altar of Qazlal.
  8139 | D:11     | Found the amulet of the Air {Inacc +Fly rElec EV+5 RMsl}
  8504 | Lair:1   | Entered Level 1 of the Lair of Beasts
  8578 | Lair:1   | Reached skill level 10 in Crossbows
  8578 | Lair:1   | Reached skill level 5 in Evocations
  8578 | Lair:1   | Reached XP level 11. HP: 87/87 MP: 14/14
  8994 | Lair:1   | Reached **** piety under Kikubaaqudgha
 10003 | Lair:2   | Found a sparkling altar of Nemelex Xobeh.
 10422 | Lair:3   | Reached skill level 11 in Crossbows
 10443 | Lair:3   | Found a staircase to the Snake Pit.
 10894 | Lair:3   | Noticed an eight-headed hydra
 11008 | Lair:3   | Found a staircase to the Swamp.
 11227 | Lair:3   | Killed an eight-headed hydra
 11325 | Lair:4   | Found a frozen archway.
 11336 | Lair:4   | Reached ***** piety under Kikubaaqudgha
 11381 | IceCv    | Entered an ice cave
 11419 | IceCv    | Reached XP level 12. HP: 75/94 MP: 17/17
 11822 | IceCv    | Noticed a death yak
 11825 | IceCv    | Reached skill level 12 in Crossbows
 11848 | IceCv    | Killed a death yak
 12779 | IceCv    | Noticed a death yak
 12779 | IceCv    | Noticed a white draconian
 12805 | IceCv    | Killed a death yak
 12846 | IceCv    | Killed a white draconian
 12871 | IceCv    | Got a fine brass ring
 12874 | IceCv    | Identified the ring of Aniaf {MR++ MP+9 Str-5 Slay+6 Stlth-} (You found it in an ice cave)
 12909 | IceCv    | Got a scorched trident
 13262 | Lair:4   | Noticed a six-headed hydra
 13274 | Lair:4   | Killed a six-headed hydra
 13274 | Lair:4   | Reached skill level 5 in Short Blades
 13408 | Lair:4   | Noticed Nessos
 13421 | Lair:4   | Killed Nessos
 13421 | Lair:4   | Gained mutation: You have a pair of horns on your head. [demonic ancestry]
 13421 | Lair:4   | Reached XP level 13. HP: 100/100 MP: 19/19
 13547 | Lair:4   | Noticed Harold
 13717 | Lair:4   | Killed Harold
 13931 | Lair:4   | Found the +10 Black Knight's horse barding {ponderous, rPois rN+}
 14443 | Lair:5   | Reached skill level 13 in Crossbows
 14518 | Lair:5   | Noticed Urug
 14519 | Lair:5   | Noticed Urug
 14519 | Lair:5   | Urug changed into Urug the tarantella
 14525 | Lair:5   | Killed Urug the tarantella
 14552 | Lair:5   | Identified the cursed +0 trident of Triumph {flame, rElec Str+3 Stlth+} (You found it in an ice cave)
 15208 | Lair:6   | Entered Level 6 of the Lair of Beasts
 15479 | Lair:5   | Upgraded the game from 0.22-a0-521-gb137804 to 0.22-a0-525-gf69a080
 15821 | Lair:6   | Reached skill level 10 in Dodging
 16171 | Lair:6   | Slain by a catoblepas

Vault maps used:
D:1:      onia_arrival_larder, supply_closet_lemuel
D:2:      uniq_sigmund, uniq_natasha
D:3:      first_ration, grunt_qazlal_sundering
D:4:      cheibrodos_ashenzari_chains, minmay_temple_entry_mist
D:5:      lemuel_crystal_altar, cheibrodos_sewer_entry_bend
D:6:      gammafunk_temple_overflow_statue, uniq_eustachio
D:7:      yredelemnul_altar_generic
D:8:      lemuel_doored_altar, kennysheep_mini, gammafunk_ghost_hydra_chop,
          blue_anna_alchemist, minivault_11
D:9:      tso_metal_star, vehumet_statue, grunt_lair_entry_orc_guard_hut,
          uniq_prince_ribbit1
D:10:     basic_altar, uniq_josephine, uniq_psyche, uniq_sonja, uniq_snorg,
          uniq_nergalle
D:11:     minmay_gold_behind_fungi, minmay_misc_feat_diagonals, uniq_erolcha,
          uniq_grum
Temple:   nicolae_temple_figure_eight
Lair:2:   wad_woods_settlement, basic_altar
Lair:3:   swamp_mist_pool, minmay_snake_entry_six_corridors
Lair:4:   portal_ice_cave_entry_imps, roderic_carrion_pond,
          infiniplex_staircase_pool_2, serial_bayou_shore_a, lemuel_fruit_tree,
          minmay_lair_oklob_chamber, uniq_nessos, uniq_harold
Lair:5:   grunt_megastairs_2, uniq_urug
Lair:6:   hangedman_lair_in_review, slime_altar_2, grunt_megastairs_5
IceCv:    ice_cave_caverns_01

Skill      XL: |  1  2  3  4  5  6  7  8  9 10 11 12 13 |
---------------+----------------------------------------+-----
Crossbows      | 2 3 4 5 7 8 10 11 12 13 | 13.4
Short Blades   | 1 2 3 4 5 |  5.5
Dodging        | 1 2 3 4 5 6 8 9 10 | 10.0
Fighting       | 5 6 7 8 9 |  9.6
Necromancy     | 1 2 |  2.0
Evocations     | 3 5 6 8 9 |  9.5
Shields        | 2 4 |  4.0
Bows           | |  1.0
Armour         | |  1.0
Stealth        | |  1.0

Action                   |  1- 3 |  4- 6 |  7- 9 | 10-12 | 13-15 || total
-------------------------+-------+-------+-------+-------+-------++-------
Melee: Rapier            |       |       |       |   191 |    44 ||   235
       Headbutt          |       |       |       |    61 |    12 ||    73
 Fire: Hand crossbow     |   127 |    99 |   286 |   758 |   229 ||  1499
Evoke: Wand              |       |       |     8 |    15 |    12 ||    35
  Use: Scroll            |     6 |     3 |     8 |     9 |     2 ||    28
       Potion            |       |       |     4 |     6 |     1 ||    11
 Stab: Distracted        |       |       |       |     2 |       ||     2
       Invisible         |       |       |       |     2 |       ||     2
       Paralysed         |       |       |       |     1 |       ||     1
  Eat: Chunk             |     3 |     4 |     9 |     9 |     2 ||    27
       Ration            |       |       |     1 |     3 |     2 ||     6
Armor: Robe              |     7 |       |       |       |       ||     7
       Ring mail         |    10 |    18 |       |       |       ||    28
       Scale mail        |       |       |    24 |    95 |    22 ||   141
Dodge: Dodged            |    61 |    34 |   119 |   623 |   198 ||  1035
       Deflected         |       |       |       |    11 |     1 ||    12
Block: Buckler           |       |       |       |   196 |    96 ||   292

Table legend:
 A = Spawn XP
 B = Non-spawn XP
 C = Spawn XP percentage of total XP
 D = Spawn monster count
 E = Non-spawn monster count
 F = Spawn count percentage of total count
 G = Total turns spent on level
                    A         B        C        D         E        F      G
               +---------+---------+-------+---------+---------+-------+---------
         Total |       0 |   53674 |   0.0 |       0 |     403 |   0.0 | 16171
               +---------+---------+-------+---------+---------+-------+---------
           D:1 |       0 |      36 |   0.0 |       0 |      25 |   0.0 |   865
           D:2 |       0 |      16 |   0.0 |       0 |      10 |   0.0 |   126
           D:3 |       0 |      22 |   0.0 |       0 |      13 |   0.0 |   751
           D:4 |       0 |     179 |   0.0 |       0 |      10 |   0.0 |   964
           D:5 |       0 |     890 |   0.0 |       0 |      27 |   0.0 |   889
           D:6 |       0 |    1591 |   0.0 |       0 |      35 |   0.0 |  1180
           D:7 |       0 |     677 |   0.0 |       0 |      24 |   0.0 |   852
           D:8 |       0 |    1104 |   0.0 |       0 |      27 |   0.0 |   816
           D:9 |       0 |    3958 |   0.0 |       0 |      26 |   0.0 |  1346
          D:10 |       0 |    1843 |   0.0 |       0 |      15 |   0.0 |   421
          D:11 |       0 |      47 |   0.0 |       0 |       1 |   0.0 |    97
        Lair:1 |       0 |    3332 |   0.0 |       0 |      18 |   0.0 |   919
        Lair:2 |       0 |    2980 |   0.0 |       0 |      15 |   0.0 |   772
        Lair:3 |       0 |    4722 |   0.0 |       0 |      20 |   0.0 |  1234
        Lair:4 |       0 |    8477 |   0.0 |       0 |      39 |   0.0 |  1175
        Lair:5 |       0 |    3046 |   0.0 |       0 |      16 |   0.0 |  1268
        Lair:6 |       0 |    7746 |   0.0 |       0 |      30 |   0.0 |   698
         IceCv |       0 |   13008 |   0.0 |       0 |      52 |   0.0 |  1561
               +---------+---------+-------+---------+---------+-------+---------
